 Dungeon Crawl Stone Soup version 0.20.1-1-g8b1a95d (webtiles) character file.

21 Dawnplanks the Skirmisher (level 2, 8/24 HPs)
             Began as a Demonspawn Abyssal Knight on Nov 26, 2017.
             Was a Follower of Lugonu.
             Quit the game on level 2 of the Dungeon.
             The game lasted 00:03:13 (409 turns).

Dawnplanks the Skirmisher (DsAK)                     Turns: 409, Time: 00:03:14

Health: 8/24       AC:  3    Str: 12    XL:     2   Next: 65%
Magic:  3/3        EV: 11    Int: 13    God:    Lugonu [*.....]
Gold:   51         SH:  0    Dex: 17    Spells: 1/1 levels left

rFire    x . .     SeeInvis .   k - +0 hand axe (curse)
rCold    + . .     Gourm    .   (no shield)
rNeg     . . .     Faith    .   b - +0 leather armour
rPois    .         Spirit   .   (no helmet)
rElec    .         Reflect  .   (no cloak)
rCorr    .         Harm     .   (no gloves)
MR       .....                  (no boots)
Stlth    +.........             (no amulet)
Regen    0.1/turn               f - ring of ice
MPRegen  0.1/turn               h - +5 ring of dexterity

@: no status effects
A: powered by death 1
a: Depart the Abyss, Renounce Religion


You were on level 2 of the Dungeon.
You worshipped Lugonu.
Lugonu was aware of your devotion.
You were not hungry.

You visited 1 branch of the dungeon, and saw 2 of its levels.
You visited the Abyss 1 time.

You collected 51 gold pieces.

Inventory:

Hand Weapons
 a - a +1 falchion
 k - a cursed +0 hand axe (weapon)
Missiles
 j - 4 tomahawks (quivered)
Armour
 b - a +0 leather armour (worn)
Jewellery
 f - a ring of ice (left hand)
 h - a +5 ring of dexterity (right hand)
Scrolls
 d - 2 scrolls of identify {unknown}
 e - a scroll of amnesia {unknown}
 i - a scroll of magic mapping {unknown}
Potions
 g - a potion of might {unknown}
Comestibles
 c - 2 bread rations


   Skills:
 + Level 3.4 Fighting
 + Level 2.1 Long Blades
 + Level 2.0 Armour
 + Level 1.1 Dodging
 + Level 2.6 Invocations


You had one spell level left.
You didn't know any spells.

Dungeon Overview and Level Annotations

Branches:
Dungeon (2/15)

Altars:


Innate Abilities, Weirdness & Mutations

You regenerate a little health from kills.


Message History

The hobgoblin barely misses you. The hobgoblin closely misses you.
The hobgoblin barely misses you. The hobgoblin hits you with a club.
The hobgoblin hits you but does no damage.
The hobgoblin hits you with a club. The hobgoblin closely misses you.
The hobgoblin closely misses you.
You closely miss the hobgoblin. The hobgoblin hits you with a club.
You hit the hobgoblin.
You kill the hobgoblin!
Lugonu accepts your kill.
A goblin comes into view. It is wielding a club.
The goblin shouts!
The goblin unwields an uncursed club.
The goblin wields a hunting sling.
The goblin shoots a stone.
The stone hits you.
Found a stone staircase leading down.
You see here a stone.
Okay, then.
Are you sure you want to abandon this character and quit the game? (Confirm with "yes".)

#.##.##.(.#.....(..#.#
#.##.######........#.#######
#.##.# #####.......<......
.....# #.....#.##..####$#.
...### #.##.....#..# #.#
#g..........# #.#
#####..#.....##.# #.#
#......##.#.###.####)###
#...@..............).
#..###....###.###.##. #>
###..# #.# #.##. .. ....#
#.# #.##. .. ####.# #.#
..##. #. #.# #.#.###.. # #.#
#.#...... #.# #.#####.. ##.


You could see a goblin.

Vanquished Creatures
  An ooze (D:1)
  A dart slug (D:1)
  A leopard gecko (D:2)
  A giant cockroach (D:1)
  A goblin (D:1)
  2 hobgoblins (D:2)
  2 jackals (D:1)
  2 frilled lizards
  A kobold (D:1)
  2 rats (D:1)
14 creatures vanquished.

Notes
Turn   | Place    | Note
-------+----------+-------------------------------------------
     0 | Abyss:1  | Dawnplanks the Demonspawn Abyssal Knight began the quest for the Orb.
     0 | Abyss:1  | Reached XP level 1. HP: 18/18 MP: 2/2
    13 | Abyss:1  | Found a corrupted altar of Lugonu.
    16 | D:1      | Escaped the Abyss
    47 | D:1      | Reached skill level 1 in Dodging
   165 | D:1      | Gained mutation: You regenerate a little health from kills. [demonic ancestry]
   165 | D:1      | Reached XP level 2. HP: 24/24 MP: 3/3
   310 | D:1      | You fall through a shaft!
   409 | D:2      | Quit the game

Skill      XL: |  1 |
---------------+----+-----
Dodging        | 1 |  1.1
Long Blades    | 2 |  2.1
Armour         | 2 |  2.0
Fighting       | |  3.4
Invocations    | |  2.6

Action                   || total
-------------------------++-------
Melee: Falchion          ||    25
       Hand axe          ||    10
Armor: Leather armour    ||    11
Dodge: Dodged            ||    31
       Rpst.: Falchion   ||     4
